 Dungeon Crawl Stone Soup version 0.29-a0-341-g24ffce5b50 (webtiles) character file.

Game seed: 503813980009563632

3 spaghetti the Ruffian (level 1, 0/31 HPs)
             Began as a Naga Berserker on Apr 20, 2022.
             Was a Follower of Trog.
             Slain by a jackal (2 damage)
             ... on level 1 of the Dungeon.
             The game lasted 00:00:14 (90 turns).

spaghetti the Ruffian (Naga Berserker)                Turns: 90, Time: 00:00:15

Health: 0/31       AC:  1    Str: 19    XL:     1   Next: 50%
Magic:  1/1        EV:  9    Int:  7    God:    Trog [*.....]
Gold:   4          SH:  0    Dex: 10    Spells: 0/0 levels left

rFire   . . .      SeeInvis +     - Unarmed
rCold   . . .      Faith    .   (no shield)
rNeg    . . .      Spirit   .   a - +0 animal skin
rPois   +          Reflect  .   (no helmet)
rElec   .          Harm     .   (no cloak)
rCorr   .          Rampage  .   (no gloves)
Will    .....                   (no barding)
Stlth   ..........              (no amulet)
HPRegen 0.10/turn               (no ring)
MPRegen 0.07/turn               (no ring)

@: berserking, quick
A: AC +0, large, see invisible, deformed body, poison resistance, slowness 2,
spit poison 1, naga tail 1
a: Spit Poison, Renounce Religion, Berserk


You were on level 1 of the Dungeon.
You worshipped Trog.
Trog was aware of your devotion.
You visited 1 branch of the dungeon, and saw 1 of its levels.

You collected 4 gold pieces.


Innate Abilities, Weirdness & Mutations

Your serpentine skin is tough. (AC +0)
You have supernaturally acute eyesight. (SInv)
Armour fits poorly on your strangely shaped body.
Your system is resistant to poisons. (rPois)
You cover ground very slowly.
You can spit poison.
You have a snake-like lower body.


   Skills:
 + Level 3.0 Fighting
 + Level 1.6 Armour
 + Level 1.6 Dodging
 * Level 3.1 Unarmed Combat


You couldn't memorise any spells.
You didn't know any spells.
Your spell library was empty.

Inventory:

Armour
 a - a +0 animal skin (worn)

Dungeon Overview and Level Annotations

Branches:
Dungeon (1/15)

Altars:

#.##### #.#
#. #.# ###.
#.# ..... #.#
..... #.#
#....#.#
#....#h#####
##..hr@....#
#....hJg...#
..+++++†....#
+.....#
+.....#
+.....#
+.....#
......#
......#


You could see an endoplasm, 3 jackals, a goblin and a rat.


Message History

Aiming: Spit Poison (3% risk of failure)
Press: ? - help, Shift-Dir - straight line, f - ball python
Aim: a ball python (48% to hit)
The splash of poison hits the ball python.
The ball python is poisoned.
The ball python bites you but does no damage.
A ball python is nearby!
A ball python is nearby!
You punch the ball python!
You kill the ball python!
Trog accepts your kill.
You see here a ball python corpse.
You have got your breath back.
You now have 4 gold pieces.
There is an open door here.
Key pressed, stopping explore.
As you open the door, it creaks loudly! 😎 HP[+2]
Your hp is fully restored (21).
There is an open door here.
There is an open door here.
You open the door.
Found a stone staircase leading down.
There is an open door here.
There is a stone staircase leading down here.
Key pressed, stopping explore.
As you open the door, it creaks loudly!
You hear a bark! x2; You hear a shout!
A rat comes into view.
There is an open door here.
A rat is nearby!
A rat is nearby!
A rat is nearby!
A rat is nearby!
A jackal and a goblin come into view.
The jackal barks!
The goblin shouts!
A jackal comes into view.
An endoplasm comes into view.
A rat comes into view.
A jackal comes into view.
A jackal comes into view.
The jackal barks!
You hit the rat.
You kill the rat!
Trog accepts your kill.
You punch the jackal!
You kill the jackal!
Trog accepts your kill.
You barely miss the jackal. The jackal bites you.
The goblin hits you with a +0 dagger.
The jackal bites you but does no damage.
You are too injured to fight recklessly!
You are too injured to fight recklessly!
You are too injured to fight recklessly! 😕 HP[-3]
You take 3 damage, and now have 18/21 hp.
You are too injured to fight recklessly!
You are too injured to fight recklessly!
You are too injured to fight recklessly!
You are too injured to fight recklessly!
You are too injured to fight recklessly!
You are too injured to fight recklessly!
You are too injured to fight recklessly!
You are too injured to fight recklessly!
You are too injured to fight recklessly!
Unknown command.
The goblin attacks as you move away! The goblin hits you with a +0 dagger.
The jackal closely misses you. The jackal barely misses you.
The jackal completely misses you. 😕 HP[-1]
You take 1 damage, and now have 17/21 hp.
You closely miss the jackal. The jackal closely misses you.
The goblin closely misses you. The endoplasm freezes you.
You are frozen.
The rat bites you.
* * * LOW HITPOINT WARNING * * *
The jackal bites you but does no damage.
The jackal misses you. 😨 HP[-8]
You take 8 damage, and now have 9/21 hp.
MASSIVE DAMAGE!! (PAUSE)
Aiming: Spit Poison (3% risk of failure)
Press: ? - help, Shift-Dir - straight line, f - rat
Aim: a rat (53% to hit)
Okay, then.
A red film seems to cover your vision as you go berserk!
You feel yourself moving faster!
You feel mighty! The endoplasm hits you.
* * * LOW HITPOINT WARNING * * *
The rat bites you.
* * * LOW HITPOINT WARNING * * *
The goblin hits you with a +0 dagger.
* * * LOW HITPOINT WARNING * * *
The jackal bites you but does no damage. x2 😨 HP[-1]
You now have 31 max hp (+10).
You closely miss the jackal. The jackal bites you.
* * * LOW HITPOINT WARNING * * *
The goblin hits you with a +0 dagger.
* * * LOW HITPOINT WARNING * * *
The endoplasm hits you.
* * * LOW HITPOINT WARNING * * *
The rat barely misses you. The jackal bites you.
You die...

Action                   || total
-------------------------++-------
Melee: Unarmed           ||     6
Invok: Berserk           ||     1
 Abil: Spit Poison       ||     1
Armor: Animal skin       ||     6
Dodge: Dodged            ||     7

Levels and vault maps discovered:
D:1:      dpeg_arrival_connections, layout_basic,
          hellmonk_ecumenical_altar_heavens_door, minmay_domino_4

Notes
Turn   | Place    | Note
-------+----------+-------------------------------------------
     0 | D:1      | spaghetti the Naga Berserker began the quest for the Orb.
     0 | D:1      | Reached XP level 1. HP: 21/21 MP: 1/1
     0 | D:1      | magus.rc [v1.9.6]
    90 | D:1      | HP: 7/31 [jackal (1)]
    90 | D:1      | HP: 2/31 [endoplasm (2)]
    90 | D:1      | Slain by a jackal

Vanquished Creatures
  A ball python (D:1)
  A jackal (D:1)
  A rat (D:1)
3 creatures vanquished.

Table legend:
 A = Non-vault XP
 B = Vault XP
 C = Vault XP percentage of total XP
 D = Non-vault monster count
 E = Vault monster count
 F = Vault count percentage of total count
                 A         B        C        D         E       F
            +---------+---------+-------+---------+---------+-------
      Total |       5 |       0 |   0.0 |       3 |       0 |   0.0
            +---------+---------+-------+---------+---------+-------
        D:1 |       5 |       0 |   0.0 |       3 |       0 |   0.0
            +---------+---------+-------+---------+---------+-------

Illustrated notes

Table legend:
 A = Kills in this place as a percentage of kills in entire the game.
 B = Kills by you in this place as a percentage of kills by you in the entire game.
 C = Kills by friends in this place as a percentage of kills by friends in the entire game.
 D = Other kills in this place as a percentage of other kills in the entire game.
 E = Experience gained in this place as a percentage of experience gained in the entire game.
 F = Experience gained in this place divided by the number of levels of this place that you have seen.
                   A       B       C       D       E      F
               +-------+-------+-------+-------+-------+----------------------
         Total | 100.0 | 100.0 |   N/A |   N/A | 100.0 |   5.0
       Dungeon | 100.0 | 100.0 |   N/A |   N/A | 100.0 |   5.0
               +-------+-------+-------+-------+-------+----------------------

Table legend: (Time is in decaauts)
 A = Elapsed time spent in this place.
 B = Non-inter-level travel time spent in this place.
 C = Inter-level travel time spent in this place.
 D = Time resting spent in this place.
 E = Time spent auto-exploring this place.
 F = Levels seen in this place.
 G = Mean time per level.
                   A        B        C        D        E       F      G
               +--------+--------+--------+--------+--------+-----+--------+
         Total |    112 |    112 |      0 |      0 |     89 |   1 |  112.0 |
       Dungeon |    112 |    112 |      0 |      0 |     89 |   1 |  112.0 |
               +--------+--------+--------+--------+--------+-----+--------+

Top non-repeatable levels by time:
     D:1: 112 daAuts
